Map: 16-Bit LE

Players

A.I. 1 (Very Easy)

  • Race: Terran Terran
  • Spawn Location: 7:00

Subwayeatn - Winner!

  • Race: Zerg Zerg
  • League: Platinum
  • Spawn Location: 1:00

VOD

Have the link to the VOD?

Description

Time

  • Played on: Oct. 28, 2023, 6:37 p.m.
  • Length: 6:13
Show
View Real Time Build Order
Export as new Build Order

A.I. 1 (Very Easy) Terran 

Build Orders:  

Get SALT Encoding   

  12  0:00  SCV  
  13  0:13  SCV  
  14  0:19  Supply Depot  
  14  0:37  Refinery  
  14  0:47  Barracks  
  14  1:04  Supply Depot  
  14  1:12  Refinery  
  14  1:33  Orbital Command  
  14  1:34  Marine  
  15  1:53  Barracks Tech Lab  
  15  1:59  SCV  
  16  2:11  SCV  
  17  2:17  Marine  
  18  2:23  SCV  
  19  2:36  SCV  
  20  2:48  SCV  
  21  3:00  SCV  
  21  3:01  Marauder  
  24  5:26  Marine  
  24  5:29  Supply Depot  
  24  5:35  SCV  
Show
View Real Time Build Order
Export as new Build Order

Subwayeatn Zerg - Winner!

Build Orders: Pool First 

Get SALT Encoding   

  12  0:19  Spawning Pool  
  11  0:23  Drone  
  11  0:27  Drone  
  13  0:32  Drone  
  14  0:40  Overlord  
  14  1:06  Zergling x2  
  14  1:10  Hatchery  
  14  1:15  Zergling x2  
  14  1:18  Zergling x2  
  16  1:22  Zergling x2  
  17  1:31  Zergling x2  
  18  1:38  Queen  
  20  1:42  Drone  
  21  1:49  Drone  
  22  2:21  Queen  
  22  2:22  Queen  
  26  2:26  Drone x2  
  28  2:31  Overlord  
  28  2:37  Extractor  
  28  2:39  Drone  
  28  3:03  Hatchery  
  27  3:10  Drone x3  
  30  3:16  Drone  
  30  3:17  Drone  
  32  3:26  Overlord  
  32  3:28  Drone  
  33  3:40  Queen  
  35  3:43  Drone  
  35  3:46  Drone x2  
  38  3:49  Drone  
  38  3:55  Drone x2  
  41  3:59  Metabolic Boost  
  41  4:02  Drone  
  42  4:05  Drone  
  43  4:18  Overlord  
  43  4:19  Zergling x8  
  47  4:35  Zergling x2  
  47  4:36  Zergling x14  
  55  4:38  Zergling x2  
  55  4:39  Zergling x2  
  57  4:47  Overlord  
  57  4:48  Overlord  
  57  5:12  Zergling x20  
  57  5:13  Zergling x4  
Tags
 
League
Platinum
Matchup
TvZ
Opening
Pool First
Replay Pack
Multiplayer
Spawn Locations
Cross Positions
Add a new tag
Caveats
  • Supply blocks, unpowered buildings, or Contaminate may cause inaccurate times.
  • Supply counts are checked every 10 seconds.